 Dungeon Crawl Stone Soup version 0.29-a0-67-g1d65ae1bb4 (webtiles) character file.

Game seed: 4068939606483019014

51 Majang the Digger (level 3, -3/19 HPs)
             Began as a Gargoyle Earth Elementalist on Feb 3, 2022.
             Slain by an orc (7 damage)
             ... on level 2 of the Dungeon.
             The game lasted 00:06:08 (1744 turns).

Majang the Digger (Gargoyle Earth Elementalist)     Turns: 1744, Time: 00:06:10

Health: -3/19      AC:  9    Str: 11    XL:     3   Next: 83%
Magic:  2/7        EV: 11    Int: 17    God:
Gold:   39         SH:  0    Dex: 10    Spells: 4/8 levels left

rFire   . . .      SeeInvis .   a - +0 mace
rCold   . . .      Faith    .   (no shield)
rNeg    + . .      Spirit   .   b - +0 robe
rPois   ∞          Reflect  .   d - +0 helmet
rElec   +          Harm     .   (no cloak)
rCorr   .          Rampage  .   (no gloves)
Will    .....                   f - +2 pair of boots
Stlth   ++........              (no amulet)
HPRegen 0.06/turn               (no ring)
MPRegen 0.10/turn               (no ring)

@: no status effects
A: sickness immunity, AC +3, negative energy resistance 1, electricity
resistance, torment resistance 1, petrification resistance
a: no special abilities


You were on level 2 of the Dungeon.
You visited 1 branch of the dungeon, and saw 2 of its levels.

You collected 39 gold pieces.

Inventory:

Hand Weapons
 a - a +0 mace (weapon)
Missiles
 c - 46 stones
Armour
 b - a +0 robe (worn)
 d - a +0 helmet (worn)
 f - a +2 pair of boots (worn)
Scrolls
 e - a scroll of fear {unknown}
 h - a scroll of teleportation {unknown}
Potions
 g - 2 potions of brilliance {unknown}


   Skills:
 - Level 1.5 Dodging
 - Level 2.1 Stealth
 * Level 3.2 Spellcasting
 + Level 0.6 Conjurations
 - Level 0.7 Transmutations
 + Level 4.3 Earth Magic


You had 4 spell levels left.
You knew the following spells:

 Your Spells              Type           Power      Damage    Failure   Level
a - Sandblast             Erth           34%        2d9       3%          1
b - Stone Arrow           Conj/Erth      22%        3d8       19%         3

Your spell library contained the following spells:

 Spells                   Type           Power      Damage    Failure   Level
 Passwall                 Tmut/Erth      9%         N/A       10%         2
 Petrify                  Tmut/Erth      11%        N/A       52%         4


Dungeon Overview and Level Annotations

Branches:
Dungeon (2/15)

Altars:


Innate Abilities, Weirdness & Mutations

You are immune to sickness and miasma.
Your stone body is resilient. (AC +3)
You are immune to poison.
You resist negative energy. (rN+)
You are resistant to electric shocks. (rElec)
You are resistant to unholy torment.
You are immune to petrification.


Message History

You kill the orc!
You closely miss the orc. Your punch misses the orc. The orc barely misses you.
The blast of sand hits the orc but does no damage.
The orc hits you with a +0 flail.
The blast of sand hits the orc but does no damage.
The orc hits you but does no damage.
The blast of sand hits the orc.
The orc is heavily wounded.
The orc hits you but does no damage.
The blast of sand hits the orc.
The orc is heavily wounded.
The orc hits you but does no damage.
You barely miss the orc.
The orc is heavily wounded.
The orc hits you with a +0 flail. The orc hits you but does no damage.
You barely miss the orc.
The orc is heavily wounded.
The orc hits you with a +0 flail.
* * * LOW HITPOINT WARNING * * *
The frilled lizard unfolds its giant frill.
You are too injured to fight recklessly!
You are too injured to fight recklessly!
Unknown command.
Casting: Sandblast (safe; 3% risk of failure)
Confirm with . or Enter, or press ? or * to list all spells.
Aiming: Sandblast (safe; 3% risk of failure)
Press: ? - help, Shift-Dir - straight line, f/p - orc
Aim: an orc, wielding a +0 flail and wearing a +2 leather armour of willpower (heavily wounded, 79% to hit)
The blast of sand hits the orc but does no damage.
The orc is heavily wounded.
The orc barely misses you.
Casting: Sandblast (safe; 3% risk of failure)
Confirm with . or Enter, or press ? or * to list all spells.
Aiming: Sandblast (safe; 3% risk of failure)
Press: ? - help, Shift-Dir - straight line, f/p - orc
Aim: an orc, wielding a +0 flail and wearing a +2 leather armour of willpower (heavily wounded, 79% to hit)
The blast of sand hits the orc but does no damage.
The orc is heavily wounded.
The orc hits you with a +0 flail!
You die...

#.# #....#.# #.#
####.#.#
#.######....#
#.##.[......##
#.#†(........###
#...............
###.............
##.###...##.##
#@# #...# .# #o#
##.## .####
#l####.###....#.#
#...).....).$....
######.##........
#.#.......$.
#.....!...[[
#.#.........
#.##.......#


You could see an orc and a frilled lizard.

Vanquished Creatures
  2 dart slugs (D:1)
  2 orcs (D:2)
  3 bats (D:1)
  6 endoplasms
  2 giant cockroaches (D:1)
  5 goblins (D:1)
  4 hobgoblins
  4 kobolds (D:1)
  3 quokkas (D:1)
  4 frilled lizards
  5 rats (D:1)
40 creatures vanquished.

Notes
Turn   | Place    | Note
-------+----------+-------------------------------------------
     0 | D:1      | Majang the Gargoyle Earth Elementalist began the quest for
                  | the Orb.
     0 | D:1      | Reached XP level 1. HP: 10/10 MP: 3/3
   347 | D:1      | Reached XP level 2. HP: 6/15 MP: 5/5
   593 | D:1      | Reached skill level 4 in Earth Magic
   907 | D:1      | Reached XP level 3. HP: 14/19 MP: 7/7
   912 | D:1      | Learned a level 3 spell: Stone Arrow
  1516 | D:2      | Found a faded altar of an unknown god.
  1744 | D:2      | Slain by an orc

Illustrated notes

Levels and vault maps discovered:
D:1:      lemuel_arrival_room, layout_basic
D:2:      layout_loops_ring, nicolae_ecumenical_pavilion, uniq_terence

Skill      XL: |  1  2  3 |
---------------+----------+-----
Earth Magic    | 4 |  4.3
Spellcasting   | 3 |  3.2
Dodging        | |  1.5
Stealth        | |  2.1
Conjurations   | |  0.6
Transmutations | |  0.7

Action                   || total
-------------------------++-------
Melee: Unarmed           ||    22
       Club              ||    24
       Mace              ||    91
       Punch             ||     1
 Cast: Sandblast         ||    19
 Stab: Sleeping          ||     2
Armor: Robe              ||    70
Dodge: Dodged            ||    76

Table legend: (Time is in decaauts)
 A = Elapsed time spent in this place.
 B = Non-inter-level travel time spent in this place.
 C = Inter-level travel time spent in this place.
 D = Time resting spent in this place.
 E = Time spent auto-exploring this place.
 F = Levels seen in this place.
 G = Mean time per level.
                   A        B        C        D        E       F      G
               +--------+--------+--------+--------+--------+-----+--------+
         Total |   1786 |   1774 |     12 |    815 |    550 |   2 |  893.0 |
       Dungeon |   1786 |   1774 |     12 |    815 |    550 |   2 |  893.0 |
               +--------+--------+--------+--------+--------+-----+--------+

Top non-repeatable levels by time:
     D:1: 1554 daAuts
     D:2: 232 daAuts
